 Dungeon Crawl Stone Soup version 0.28.0 (webtiles) character file.

Game seed: 16655457784446790327

7 horus123 the Ducker (level 1, -1/17 HPs)
             Began as a Demonspawn Gladiator on Feb 7, 2022.
             Slain by a goblin (2 damage)
             ... on level 1 of the Dungeon.
             The game lasted 00:00:19 (159 turns).

horus123 the Ducker (Demonspawn Gladiator)           Turns: 159, Time: 00:00:20

Health: -1/17      AC:  4    Str: 14    XL:     1   Next: 83%
Magic:  1/1        EV: 12    Int:  9    God:
Gold:   19         SH:  0    Dex: 14    Spells: 0/0 levels left

rFire   . . .      SeeInvis .   a - +0 long sword
rCold   . . .      Faith    .   (no shield)
rNeg    . . .      Spirit   .   b - +0 leather armour
rPois   .          Reflect  .   c - +0 helmet
rElec   .          Harm     .   (no cloak)
rCorr   .          Rampage  .   (no gloves)
Will    .....                   (no boots)
Stlth   +.........              (no amulet)
HPRegen 0.05/turn               (no ring)
MPRegen 0.07/turn               (no ring)

@: lethally poisoned (-1 -> -2), very slow
A: no striking features
a: no special abilities


You were on level 1 of the Dungeon.
You visited 1 branch of the dungeon, and saw 1 of its levels.

You collected 19 gold pieces.

Inventory:

Hand Weapons
 a - a +0 long sword (weapon)
Missiles
 d - 3 throwing nets (quivered)
Armour
 b - a +0 leather armour (worn)
 c - a +0 helmet (worn)
Scrolls
 e - a scroll of teleportation {unknown}


   Skills:
 + Level 2.6 Fighting
 - Level 2.6 Long Blades
 - Level 1.7 Throwing
 - Level 2.6 Dodging


You couldn't memorise any spells.
You didn't know any spells.
Your spell library was empty.

Dungeon Overview and Level Annotations

Branches:
Dungeon (1/15)

Altars:


Message History

You kill the hobgoblin!
You enter the shallow water.
Moving in this stuff is going to be slow.
The goblin closely misses you.
Your unstable footing causes you to fumble your attack.
The goblin hits you but does no damage.
You are poisoned.
The ball python closely misses you. The ball python misses you.
The goblin closely misses you.
You hit the goblin.
The goblin is severely wounded.
You feel sick. The ball python closely misses you. The ball python grabs you.
The ball python constricts you.
The goblin hits you with a +1 dagger of venom.
You closely miss the ball python.
You feel sick. The ball python bites you. The ball python constricts you.
The goblin hits you with a +1 dagger of venom.
* * * LOW HITPOINT WARNING * * *
The ball python bites you but does no damage.
The ball python constricts you.
You are too injured to fight recklessly!
You are too injured to fight recklessly!
The ball python's grasp on you weakens, but your attempt to escape fails.
* * * LOW HITPOINT WARNING * * *
You feel sick.
The ball python bites you but does no damage.
The ball python constricts you. The goblin closely misses you.
Your unstable footing causes you to fumble your attack.
* * * LOW HITPOINT WARNING * * *
You feel sick.
The ball python bites you but does no damage.
The ball python constricts you. The goblin misses you.
The ball python closely misses you. The ball python constricts you.
* * * LOW HITPOINT WARNING * * *
You slash the ball python!
You kill the ball python!
* * * LOW HITPOINT WARNING * * *
You feel sick. The goblin hits you but does no damage.
The goblin hits you with a +1 dagger of venom.
You die...

..... #....# .....##....#
..≈......≈.##
.≈≈.≈...≈≈..# ....≈..≈≈.#
.. ...≈≈≈..# ...≈♣#g†....#
.≈.(.≈.@[...#
.)..........≈≈.♣.≈...#
............≈≈≈...#†.#####
..........≈≈≈≈.≈.[.≈†....#
...........≈.≈...........#
............#...>........#
................#........#
.....≈≈≈≈≈≈≈.............#
....≈≈.....≈≈...#........#


You could see a goblin.

Vanquished Creatures
  A giant cockroach (D:1)
  2 hobgoblins (D:1)
  2 ball pythons (D:1)
  2 kobolds (D:1)
7 creatures vanquished.

Notes
Turn   | Place    | Note
-------+----------+-------------------------------------------
     0 | D:1      | horus123 the Demonspawn Gladiator began the quest for the
                  | Orb.
     0 | D:1      | Reached XP level 1. HP: 16/16 MP: 1/1
   159 | D:1      | Slain by a goblin

Illustrated notes

Levels and vault maps discovered:
D:1:      moated_graveyard_arrival, layout_rooms,
          nicolae_ecumenical_snake_handling, serial_rivers,
          chequers_serial_rivers_small_a, chequers_serial_rivers_small_3,
          chequers_serial_rivers_micro_b, chequers_serial_rivers_marsh,
          chequers_serial_rivers_micro_b

Action                   || total
-------------------------++-------
Melee: Long sword        ||    20
Armor: Leather armour    ||    12
Dodge: Dodged            ||    15
